 Dungeon Crawl Stone Soup version 0.19-a0-649-gca8dce1 (webtiles) character file.

56 AlphabetPasta the Stinger (level 3, -1/24 HPs)
             Began as a Mummy Venom Mage on June 14, 2016.
             Slain by an orc
             ... wielding a +0 flail
              (9 damage)
             ... on level 3 of the Dungeon.
             The game lasted 00:10:13 (2886 turns).

AlphabetPasta the Stinger (Mummy Venom Mage)        Turns: 2886, Time: 00:10:13

Health: -1/24      AC:  2    Str: 11    XL:     3   Next: 69%
Magic:  1/6        EV: 12    Int: 15    God:
Gold:   84         SH:  0    Dex: 12    Spells: 2 memorised, 2 levels left

rFire  x . .     SeeInvis .     h - +0 falchion
rCold  + . .     Gourm    .     a - +0 robe
rNeg   + + +     Faith    .     (no shield)
rPois  ∞         Spirit   .     (no helmet)
rElec  .         Dismiss  .     (no cloak)
rCorr  .         Reflect  .     (no gloves)
SustAt .         Harm     .     (no boots)
MR     .....                    (no amulet)
Stlth  ++........               (no ring)
                                (no ring)

@: very slightly contaminated, not resistant to hostile enchantments, unstealthy
A: no food or potions, fire vulnerability, cold resistance 1, negative energy
resistance 3, torment resistance, unbreathing
a: no special abilities


You were on level 3 of the Dungeon.
You were not hungry.

You visited 1 branch of the dungeon, and saw 3 of its levels.

You collected 84 gold pieces.

Inventory:

Hand Weapons
 h - a +0 falchion (weapon)
Missiles
 d - 43 stones (quivered)
Armour
 a - a +0 robe (worn)
Scrolls
 c - 6 scrolls of identify {unknown}
 e - 3 scrolls of recharging {unknown}
 f - a scroll of magic mapping {unknown}
 g - a scroll of enchant weapon {unknown}
 i - a scroll of blinking {unknown}
 j - a scroll of remove curse {unknown}
Books
 b - a Young Poisoner's Handbook

   Spells                             Type                      Level
   a - Sting                          Conjuration/Poison           1
   b - Cure Poison                    Poison                       2
   c - Mephitic Cloud                 Conjuration/Poison/Air       3
   d - Olgreb's Toxic Radiance        Poison                       4
   e - Venom Bolt                     Conjuration/Poison           5


   Skills:
 - Level 1.5 Dodging
 - Level 1.5 Stealth
 + Level 2.4 Spellcasting
 + Level 0.5 Conjurations
 * Level 4.1 Poison Magic


You had 2 spell levels left.
You knew the following spells:

 Your Spells              Type           Power        Failure   Level  Hunger
a - Sting                 Conj/Pois      #...         12%         1    N/A
b - Mephitic Cloud        Conj/Pois/Air  #.......     34%         3    N/A

Dungeon Overview and Level Annotations

Branches:
Dungeon (3/15)

Altars:


Innate Abilities, Weirdness & Mutations

You do not eat or drink.
Your flesh is vulnerable to fire.
You are immune to poison.
Your flesh is cold resistant. (rC+)
You are immune to negative energy. (rN+++)
You are immune to unholy pain and torment.
You can survive without breathing.


Message History

Aim: an orc, wielding a flail and wearing a leather armour (lightly wounded)
The sting hits the giant cockroach.
The giant cockroach appears unharmed.
The giant cockroach is moderately wounded.
The giant cockroach bites you.
Casting: Sting
Confirm with . or Enter, or press ? or * to list all spells.
Aiming: Sting
Press: ? - help, Shift-Dir - straight line, f/p - orc
Aim: an orc, wielding a flail and wearing a leather armour (lightly wounded)
The sting hits the giant cockroach.
You kill the giant cockroach!
Casting: Sting
Confirm with . or Enter, or press ? or * to list all spells.
Aiming: Sting
Press: ? - help, Shift-Dir - straight line, f/p - orc
Aim: an orc, wielding a flail and wearing a leather armour (lightly wounded)
The sting hits the orc.
The orc appears unharmed.
The orc is lightly wounded.
The orc hits you with a flail!
You die...

......... ..
..............###.
..................
.. ...<.. .........
... #.(..
#.....##...# #....
#.......... #....
#..<.......
#....####....###..#
#..?..o@..........
#....####.........
#.... #....###.#
#.... #....... ..
#.... #.#..##.# #
...... ....... .
###.#.. #.##.##.
#.#.. ..) ..


You could see an orc.

Vanquished Creatures
  An ooze (D:1)
  A worm (D:2)
  A dart slug (D:1)
  A giant gecko (D:1)
  4 giant cockroaches
  7 goblins
  5 hobgoblins (D:1)
  3 jackals (D:2)
  5 kobolds
  5 bats
  3 giant newts
  6 rats
42 creatures vanquished.

Notes
Turn   | Place    | Note
--------------------------------------------------------------
     0 | D:1      | AlphabetPasta the Mummy Venom Mage began the quest for the Orb.
     0 | D:1      | Reached XP level 1. HP: 13/13 MP: 3/3
   380 | D:1      | Reached XP level 2. HP: 6/19 MP: 0/5
  1316 | D:1      | Reached XP level 3. HP: 14/24 MP: 1/6
  1321 | D:1      | Learned a level 3 spell: Mephitic Cloud
  2057 | D:2      | Reached skill level 4 in Poison Magic
  2886 | D:3      | Slain by an orc

Vault maps used:
D:1:      dpeg_arrival_stone_temple_mockup
D:2:      kennysheep_boxes
D:3:      nicolae_tso_swordbearing_angel, lemuel_doored_altar,
          old_standard_altar, portal_sewer_entry_e, minmay_goblin_kobold_house,
          uniq_grinder

Skill      XL: |  1  2  3 |
---------------+----------+-----
Poison Magic   | 4 |  4.1
Dodging        | |  1.5
Stealth        | |  1.5
Spellcasting   | |  2.4
Conjurations   | |  0.5

Action                   || total
-------------------------++-------
Melee: Unarmed           ||    30
       Falchion          ||    28
Throw: Stone             ||     2
 Cast: Sting             ||    94
Armor: Robe              ||    15
Dodge: Dodged            ||    51
